 Dungeon Crawl Stone Soup version 0.29.1-12-g30fa7ad0bf (webtiles) character file.

Game seed: 8461302601477703159

63 wormed the Sneak (level 3, 0/31 HPs)
             Began as a Demigod Delver on Dec 25, 2022.
             Slain by a phantom (3 damage)
             ... on level 3 of the Dungeon.
             The game lasted 00:05:15 (3425 turns).

wormed the Sneak (Demigod Delver)                   Turns: 3425, Time: 00:05:15

Health: 0/31       AC:  5    Str: 13    XL:     3   Next: 63%
Magic:  5/5        EV: 12    Int: 12    God:
Gold:   166        SH:  0    Dex: 19    Spells: 2/2 levels left

rFire   + . .      SeeInvis .   s - +0 long sword
rCold   + . .      Faith    .   (no shield)
rNeg    . . .      Spirit   .   b - +0 leather armour
rPois   .          Reflect  .   (no helmet)
rElec   .          Harm     .   h - scarf {rC+ rF+}
rCorr   .          Rampage  .   d - +0 pair of gloves
Will    .....                   q - +0 pair of boots
Stlth   +++.......              (no amulet)
HPRegen 0.10/turn               (no ring)
MPRegen 0.09/turn               (no ring)

@: no status effects
A: high MP 1, forlorn, divine attributes
a: no special abilities


You were on level 3 of the Dungeon.
You visited 1 branch of the dungeon, and saw 5 of its levels.

You collected 166 gold pieces.

Inventory:

Hand Weapons
 s - a +0 long sword (weapon)
Missiles
 a - 6 poisoned darts (quivered)
Armour
 b - a +0 leather armour (worn)
 d - a +0 pair of gloves (worn)
 h - a scarf of resistance (worn)
 q - a +0 pair of boots (worn)
Wands
 g - a wand of digging (3)
Scrolls
 c - a scroll of fog
 i - a scroll of teleportation {unknown}
 j - a scroll of magic mapping
 k - 5 scrolls of identify {unknown}
 l - a scroll of blinking {unknown}
 m - 2 scrolls of vulnerability {unknown}
 n - 2 scrolls of immolation {unknown}
 p - a scroll of poison {unknown}
Potions
 f - a potion of haste
 o - 2 potions of heal wounds {unknown}
 r - a potion of degeneration {unknown}
 t - 2 potions of flight {unknown}


   Skills:
 + Level 3.0 Fighting
 * Level 2.7 Long Blades
 + Level 1.0 Armour
 + Level 2.2 Dodging
 + Level 4.7 Stealth


You had 2 spell levels left.
You didn't know any spells.
Your spell library contained the following spells:

 Spells                   Type           Power      Damage    Failure   Level
 Freeze                   Ice            0%         1d3       38%         1
 Sting                    Tmut/Pois      0%         1d3       38%         1
 Poisonous Vapours        Pois/Air       0%         N/A       54%         2
 Call Canine Familiar     Summ           0%         N/A       77%         3
 Frozen Ramparts          Ice            0%         1d1       77%         3
 Portal Projectile        Hex/Tloc       0%         N/A       77%         3
 Hailstorm                Conj/Ice       0%         3d3       99%         4
 Ice Form                 Ice/Tmut       0%         N/A       99%         4
 Leda's Liquefaction      Hex/Erth       0%         N/A       99%         4
 Olgreb's Toxic Radiance  Pois           0%         N/A       99%         4
 Simulacrum               Ice/Necr       0%         N/A       100%        6


Dungeon Overview and Level Annotations

Branches:
Dungeon (5/15)
 Temple: D:4-7


Innate Abilities, Weirdness & Mutations

You have an increased reservoir of magic. (+10% MP)
You shall have no god before yourself.
Your divine heritage dramatically boosts your attributes as you level up.


Message History

A phantom is nearby!
An ogre comes into view. It is wielding a +0 giant spiked club.
The phantom attacks as you move away!
The phantom hits you but does no damage.
The phantom closely misses you. The phantom attacks as you move away!
The phantom hits you. The phantom attacks as you move away!
The phantom hits you! The phantom attacks as you move away!
The phantom hits you but does no damage.
The phantom attacks as you move away! The phantom closely misses you.
There is a stone staircase leading up here.
The phantom barely misses you.
You climb upwards.
There is a stone staircase leading down here.
You slash the phantom!
The phantom is moderately damaged.
The phantom closely misses you.
You closely miss the phantom.
The phantom is moderately damaged.
The phantom hits you.
The phantom blinks!
You blink.
You hit the phantom.
The phantom is moderately damaged.
The phantom hits you.
* * * LOW HITPOINT WARNING * * *
The phantom blinks!
You blink.
You hit the phantom.
The phantom is heavily damaged.
The phantom hits you but does no damage.
The phantom barely misses you.
You slash the phantom!
The phantom is almost destroyed.
The phantom hits you.
* * * LOW HITPOINT WARNING * * *
As you read the scroll of fear, it crumbles to dust.
You assume a fearsome visage.
The phantom is unaffected.
The phantom closely misses you.
You closely miss the phantom.
The phantom is almost destroyed.
The phantom hits you.
You die...

##### #..## ##..#
###### ########....###
#........##.... #####
#.#########.... #...#
#.#.....#..<### #...#
#.#............
#...####.#............
#....@...#.....#.....#
#...W#####.....#.....#
#....# #..#...###..#
#....## #...[.......#
#.....# ##..........#
####..>#.#
##.......†..#
##......#.#
#....###..#.#
#..######.#
#....###..... #.##
#..# #.....#..##..


You could see a phantom.

Vanquished Creatures
  An adder (D:2)
  3 dart slugs
  5 ball pythons
  A bat (D:2)
  4 endoplasms
  2 giant cockroaches
  6 hobgoblins
  A quokka (D:2)
  5 frilled lizards
  5 goblins
  7 kobolds
  4 rats
44 creatures vanquished.

Notes
Turn   | Place    | Note
-------+----------+-------------------------------------------
     0 | D:5      | wormed the Demigod Delver began the quest for the Orb.
     0 | D:5      | Reached XP level 1. HP: 18/18 MP: 3/3
   359 | D:1      | Reached XP level 2. HP: 16/25 MP: 4/4
  1326 | D:2      | Reached XP level 3. HP: 5/31 MP: 5/5
  2892 | D:3      | Reached skill level 1 in Armour
  3403 | D:4      | Noticed a phantom
  3405 | D:4      | Noticed an ogre
  3425 | D:3      | Slain by a phantom

Illustrated notes

Levels and vault maps discovered:
D:1:      sevenhm_arrival_forest_fort_large_2, layout_basic, nicolae_titane
D:2:      minmay_chambers_of_ones, layout_basic,
          chequers_ecumenical_altar_island, nrook_mini_vaults,
          hangedman_abyss_or_decor_lesser_grid
D:3:      layout_rooms, serial_co_window_serial, co_window_corner_a,
          co_window_corner_a, co_window_paths_b, co_window_of_opportunity_a,
          co_window_of_opportunity_a, co_window_paths_b,
          co_window_of_opportunity_a, co_window_cross_3, co_window_broadway_b,
          co_window_broadway_c, co_window_corner_b, co_window_corner_b,
          co_window_broadway_a, co_window_paths_d
D:4:      layout_cave_pools
D:5:      cheibrodos_fzero, layout_basic, portal_sewer_entry_f,
          serial_corexii_hall, corexii_hall_statues_x, chequers_hall_statues_y,
          uniq_menkaure, uniq_eustachio

Skill      XL: |  1  2  3 |
---------------+----------+-----
Long Blades    | 2 |  2.7
Dodging        | 2 |  2.2
Fighting       | 3 |  3.0
Armour         | 1 |  1.0
Stealth        | |  4.7

Action                   || total
-------------------------++-------
Melee: Falchion          ||   106
       Punch             ||     1
       Long sword        ||    19
  Use: Scroll            ||     3
       Potion            ||     1
 Stab: Sleeping          ||    11
Armor: Leather armour    ||    47
Dodge: Dodged            ||    74
